 Dungeon Crawl Stone Soup version 0.30-a0-263-ge22c4ad894 (webtiles) character file.

Game seed: 3502876243220891184

70 koil the Magician (level 4, 0/32 HPs)
             Began as a Djinni Necromancer on Oct 13, 2022.
             Slain by a goblin
             ... wielding a +0 dagger
             ... led by Robin
              (3 damage)
             ... on level 3 of the Dungeon.
             The game lasted 00:08:35 (1960 turns).

koil the Magician (Djinni Necromancer)              Turns: 1960, Time: 00:08:36

Health: 0/32       AC:  2    Str:  7    XL:     4   Next: 44%
Gold:   55         EV: 13    Int: 18    God:
                   SH:  0    Dex: 14

rFire   + + .      SeeInvis .    e - +1 dagger (venom)
rCold   x . .      Faith    .    (no shield)
rNeg    . . .      Spirit   .    a - +0 robe
rPois   ∞          Reflect  .    (no helmet)
rElec   .          Harm     .    (no cloak)
rCorr   .          Rampage  .    (no gloves)
Will    .....                    (boots unavailable)
Stlth   ++........               (no amulet)
HPRegen 0.25/turn                (no ring)
MPRegen 0.00/turn                (no ring)

@: flying
A: sickness immunity, fire resistance 2, cold vulnerability 1, float, innate
caster, HP casting, extra vitality 1
a: no special abilities


You were on level 3 of the Dungeon.
You visited 1 branch of the dungeon, and saw 3 of its levels.

You collected 55 gold pieces.

Inventory:

Hand Weapons
 e - a +1 dagger of venom (weapon)
 h - a +0 sling
Armour
 a - a +0 robe (worn)
Jewellery
 l - an amulet of faith
Scrolls
 c - 2 scrolls of noise {unknown}
 f - 2 scrolls of teleportation {unknown}
 g - a scroll of poison {unknown}
 i - a scroll of enchant weapon {unknown}
 j - 2 scrolls of fog {unknown}
Potions
 b - 2 potions of ambrosia {unknown}
 d - a potion of haste {unknown}
 k - a potion of curing {unknown}


   Skills:
 + Level 1.2 Fighting
 + Level 1.1 Short Blades
 + Level 2.9 Dodging
 + Level 2.2 Stealth
 + Level 3.5 Spellcasting


You couldn't memorise any spells.
You knew the following spells:

 Your Spells              Type           Power      Damage    Failure   Level
a - Necrotise             Necr           64%        1d7       3%          1
b - Vampiric Draining     Necr           16%        2d7       11%         3
c - Animate Dead          Necr           16%        N/A       34%         4
d - Agony                 Necr           16%        N/A       69%         5
e - Shock                 Conj/Air       64%        1d7       3%          1
Your spell library was empty.

Dungeon Overview and Level Annotations

Branches:
Dungeon (3/15)

Altars:

Shops:
D:3 *


Innate Abilities, Weirdness & Mutations

You are immune to sickness and miasma.
You are immune to poison.
Your flesh is very heat resistant. (rF++)
You are vulnerable to cold. (rC-)
You float through the air rather than walking.
You learn spells naturally, not from books.
Your magical power is your life essence.
You have superior vitality. (+4 MHP)


Message History

The dead are walking!
The goblin hits your goblin skeleton with a +0 club.
The goblin closely misses your goblin skeleton.
Your goblin skeleton closely misses the goblin.
The goblin hits your goblin skeleton with a +0 club.
Casting: Necrotise (safe; 3% risk of failure)
Confirm with . or Enter, or press ? or * to list all spells.
You can't see any susceptible monsters within range! (Use Z to cast anyway.) Unknown command.
Casting: Necrotise (safe; 3% risk of failure)
Confirm with . or Enter, or press ? or * to list all spells.
Aiming: Shock (safe; 3% risk of failure)
Press: ? - help, Shift-Dir - straight line Really fire in your goblin skeleton's direction?
The zap hits your goblin skeleton!
You destroy your goblin skeleton!
The zap hits the goblin.
You kill the goblin!
The zap misses the goblin.
* * * LOW HITPOINT WARNING * * *
Casting: Shock (safe; 3% risk of failure)
Confirm with . or Enter, or press ? or * to list all spells.
Aiming: Shock (safe; 3% risk of failure)
Press: ? - help, Shift-Dir - straight line
* * * LOW HITPOINT WARNING * * *
Casting: Shock (safe; 3% risk of failure)
Confirm with . or Enter, or press ? or * to list all spells.
Aiming: Shock (safe; 3% risk of failure)
Press: ? - help, Shift-Dir - straight line You miscast Shock.
You are very lightly contaminated with residual magic.
Nothing appears to happen.
* * * LOW HITPOINT WARNING * * *
The goblin attacks as you move away! The goblin hits you with a +0 dagger.
* * * LOW HITPOINT WARNING * * *
The goblin attacks as you move away! The goblin hits you with a +0 dagger.
* * * LOW HITPOINT WARNING * * *
Your magical contamination has completely faded away.
The goblin hits you with a +0 dagger.
You die...

## .# #.# ...######.#
#.....@..#############
#######g.#.>.........#
## #.g#.#########.# ..
#..#.# #.# ##.
#######..#.# #.#
.g............# #.#
#)#######....##### #.#
#.## #........# #.#
##)#####.#..###.# #.#


You could see 2 goblins.

Vanquished Creatures
  Robin (D:3)
  2 worms
  A dart slug (D:2)
  2 bats (D:2)
  4 endoplasms
  8 hobgoblins (D:2)
  4 kobolds
  A quokka (D:1)
  6 ball pythons
  3 frilled lizards
  11 goblins
  4 rats
47 creatures vanquished.

Vanquished Creatures (others)
  A frilled lizard (D:2)
1 creature vanquished.

Grand Total: 48 creatures vanquished

Notes
Turn   | Place    | Note
-------+----------+-------------------------------------------
     0 | D:1      | koil the Djinni Necromancer began the quest for the Orb.
     0 | D:1      | koil set off with the following spells memorised:
                  | Necrotise, Vampiric Draining, Animate Dead, Agony.
     0 | D:1      | Reached XP level 1. HP: 15/15 MP: 0/0
   295 | D:1      | Reached XP level 2. HP: 17/21 MP: 0/0
   707 | D:2      | Reached XP level 3. HP: 13/26 MP: 0/0
   707 | D:2      | Learned a level 1 spell: Shock
  1017 | D:2      | Reached skill level 1 in Fighting
  1444 | D:2      | Found a faded altar of an unknown god.
  1664 | D:3      | Reached skill level 1 in Short Blades
  1666 | D:3      | Reached XP level 4. HP: 6/32 MP: 0/0
  1845 | D:3      | Found Fesav's General Store.
  1922 | D:3      | Noticed Robin
  1926 | D:3      | Killed Robin
  1954 | D:3      | HP: 1/32 [goblin/+0 dagger[Robin] (3)]
  1960 | D:3      | Slain by a goblin

Illustrated notes

Levels and vault maps discovered:
D:1:      tarquinn_simple_flora_water_d, layout_basic, minmay_misc_feat_doors,
          minmay_misc_feat_room
D:2:      layout_loops_ring, basic_ecumenical_altar
D:3:      layout_loops_ring, serial_shops, shop, minmay_fractal_squares_5,
          uniq_robin, uniq_terence

Skill      XL: |  1  2  3 |
---------------+----------+-----
Stealth        | 2 |  2.2
Fighting       | 1 |  1.2
Short Blades   | 1 |  1.1
Dodging        | |  2.9
Spellcasting   | |  3.5

Action                   |  1- 3 |  4- 6 || total
-------------------------+-------+-------++-------
Melee: Short sword       |    18 |       ||    18
       Unarmed           |     5 |       ||     5
       Dagger            |    39 |    14 ||    53
 Cast: Necrotise         |    33 |     4 ||    37
       Shock             |    10 |     5 ||    15
 Stab: Sleeping          |     5 |     1 ||     6
Armor: Robe              |    13 |     2 ||    15
Dodge: Dodged            |    48 |     9 ||    57

Table legend: (Time is in decaauts)
 A = Elapsed time spent in this place.
 B = Non-inter-level travel time spent in this place.
 C = Inter-level travel time spent in this place.
 D = Time resting spent in this place.
 E = Time spent auto-exploring this place.
 F = Levels seen in this place.
 G = Mean time per level.
                   A        B        C        D        E       F      G
               +--------+--------+--------+--------+--------+-----+--------+
         Total |   1971 |   1945 |     26 |    257 |   1257 |   3 |  657.0 |
       Dungeon |   1971 |   1945 |     26 |    257 |   1257 |   3 |  657.0 |
               +--------+--------+--------+--------+--------+-----+--------+

Top non-repeatable levels by time:
     D:2: 1054 daAuts
     D:1: 609 daAuts
     D:3: 307 daAuts
